UAA
ATLANTIC CITY SONICS @ CHESAPEAKE CONTINENTALS
08/31/2017
 
TOP OF THE 1ST
Atlantic City Sonics batting - Pitching for Chesapeake Continentals : RHP Jim Unknown
Pitching: RHP Jim Unknown
Batting: RHB Luis Garza 0-0: Bunt missed!
0-1: Ball
1-1: Called Strike
1-2: Strikes out looking
Batting: RHB Jason Duncan 0-0: Called Strike
0-1: Ball
1-1: Ball
2-1: Foul Ball, location: 2F
2-2: Foul Ball, location: 2F
2-2: Strikes out swinging
Batting: LHB Francisco Ortega 0-0: Called Strike
0-1: Called Strike
0-2: Foul Ball, location: 2F
0-2: SINGLE (Groundball, 34D)
Batting: RHB Russell Jackson 0-0: Called Strike
0-1: Ball
1-1: Foul Ball, location: 2F
1-2: Foul Ball, location: 2F
1-2: Strikes out looking
Top of the 1st over - 0 run(s), 1 hit(s), 0 error(s), 1 left on base; Atlantic City 0 - Chesapeake 0
BOTTOM OF THE 1ST
Chesapeake Continentals batting - Pitching for Atlantic City Sonics : RHP Ramón Leyva
Pitching: RHP Ramón Leyva
Batting: RHB Gustavo Varela 0-0: Ball
1-0: Ball
2-0: SINGLE (Flyball, 89S)
Batting: LHB Thomas Campbell 0-0: Foul Ball, location: 2F
0-1: Ball
1-1: Swinging Strike
1-2: Grounds out, U3 (Groundball, 3L)
Batting: RHB Jim Unknown 0-0: Ground out 5-3 (Groundball, 56S)
Gustavo Varela to third
Batting: LHB John Robertson 0-0: Called Strike
0-1: Foul Ball, location: 2F
0-2: Ball
1-2: Reached on error, E4 (Groundball, 4)
Gustavo Varela scores
Batting: RHB Roy Williams 0-0: Ball
1-0: 2-RUN HOME RUN (Flyball, 7D), Distance : 400 ft
Batting: LHB Munemori Ohara 0-0: Ball
1-0: Called Strike
1-1: Called Strike
1-2: Ball
2-2: Fly out, F5 (Popup, 5SF)
Bottom of the 1st over - 3 run(s), 2 hit(s), 1 error(s), 0 left on base; Atlantic City 0 - Chesapeake 3
TOP OF THE 2ND
Atlantic City Sonics batting - Pitching for Chesapeake Continentals : RHP Jim Unknown
Batting: LHB Dale Parkinson 0-0: SINGLE (Line Drive, 9S)
Batting: RHB Jesús Rodríguez 0-0: Foul Ball, location: 2F
0-1: Ball
1-1: Foul Ball, location: 2F
1-2: 2-RUN HOME RUN (Flyball, 78XD), Distance : 423 ft
Batting: SHB David Snyder 0-0: Ball
1-0: Called Strike
1-1: Ground out 5-3 (Groundball, 5)
Batting: RHB Michael Bucknell 0-0: Called Strike
0-1: Foul Ball, location: 2F
0-2: Ball
1-2: SINGLE (Line Drive, 7LS)
Batting: RHB Toby Hopper 0-0: Called Strike
Michael Bucknell steals 2nd base
0-1: SINGLE (Groundball, 6)
Michael Bucknell to third
Batting: RHB Luis Garza 0-0: Fly out, F9 (Flyball, 9M)
Runner from 3rd tags up, SCORES, no throw
Batting: RHB Jason Duncan 0-0: Swinging Strike
0-1: Ball
1-1: Ball
2-1: Foul Ball, location: 2F
2-2: Foul Ball, location: 2F
2-2: Ball
3-2: Ground out 6-3 (Groundball, 6)
Top of the 2nd over - 3 run(s), 4 hit(s), 0 error(s), 1 left on base; Atlantic City 3 - Chesapeake 3
BOTTOM OF THE 2ND
Chesapeake Continentals batting - Pitching for Atlantic City Sonics : RHP Ramón Leyva
Batting: RHB Roger Lakes 0-0: Ball
1-0: Ball
2-0: Called Strike
2-1: Ground out 5-3 (Groundball, 5L)
Batting: RHB Mike Peterson 0-0: Ground out 6-3 (Groundball, 56)
Batting: SHB Tim Roberts 0-0: Fly out, F4 (Popup, 34S)
Bottom of the 2nd over - 0 run(s), 0 hit(s), 0 error(s), 0 left on base; Atlantic City 3 - Chesapeake 3
TOP OF THE 3RD
Atlantic City Sonics batting - Pitching for Chesapeake Continentals : RHP Jim Unknown
Batting: LHB Francisco Ortega 0-0: Foul Ball, location: 2F
0-1: Swinging Strike
0-2: Ground out 4-3 (Groundball, 34)
Batting: RHB Russell Jackson 0-0: Called Strike
0-1: Fly out, F4 (Popup, 4)
Batting: LHB Dale Parkinson 0-0: Ball
1-0: Ball
2-0: Called Strike
2-1: Ball
3-1: Foul Ball, location: 2F
3-2: Ground out 6-3 (Groundball, 6M)
Top of the 3rd over - 0 run(s), 0 hit(s), 0 error(s), 0 left on base; Atlantic City 3 - Chesapeake 3
BOTTOM OF THE 3RD
Chesapeake Continentals batting - Pitching for Atlantic City Sonics : RHP Ramón Leyva
Batting: RHB Gustavo Varela 0-0: Ball
1-0: Ball
2-0: Called Strike
2-1: Foul Ball, location: 2F
2-2: Foul Ball, location: 2F
2-2: SINGLE (Groundball, 15S) (infield hit)
Batting: LHB Thomas Campbell 0-0: Called Strike
0-1: Called Strike
0-2: Ball
1-2: Strikes out swinging
Batting: RHB Jim Unknown 0-0: Called Strike
Gustavo Varela is caught stealing 2nd base
0-1: Ball
1-1: Ball
2-1: Ball
3-1: Called Strike
3-2: Reached on error, E5 (Groundball, 5S)
Batting: LHB John Robertson 0-0: Ball
1-0: Foul Ball, location: 2F
1-1: Ball
2-1: Ball
3-1: Foul Ball, location: 2F
3-2: Base on Balls
Batting: RHB Roy Williams 0-0: Ball
1-0: Ball
2-0: Swinging Strike
2-1: Ball
3-1: Base on Balls
Jim Unknown to third
John Robertson to second
Batting: LHB Munemori Ohara 0-0: Ball
1-0: Called Strike
1-1: Foul Ball, location: 2F
1-2: Foul Ball, location: 2F
1-2: Ground out 6-3 (Groundball, 6)
Bottom of the 3rd over - 0 run(s), 1 hit(s), 1 error(s), 3 left on base; Atlantic City 3 - Chesapeake 3
TOP OF THE 4TH
Atlantic City Sonics batting - Pitching for Chesapeake Continentals : RHP Jim Unknown
Batting: RHB Jesús Rodríguez 0-0: Ball
1-0: Foul Ball, location: 2F
1-1: Swinging Strike
1-2: Foul Ball, location: 2F
1-2: Ball
2-2: Foul Ball, location: 2F
2-2: Foul Ball, location: 2F
2-2: Foul Ball, location: 2F
2-2: Fly out, F9 (Flyball, 9M)
Batting: SHB David Snyder 0-0: Foul Ball, location: 2F
0-1: Ball
1-1: Foul Ball, location: 2F
1-2: Foul Ball, location: 2F
1-2: Ball
2-2: DOUBLE (Line Drive, 9LM)
Batting: RHB Michael Bucknell 0-0: Foul Ball, location: 2F
0-1: Ball
1-1: Called Strike
1-2: Foul Ball, location: 2F
1-2: Ground out 6-3 (Groundball, 6)
David Snyder to third
Batting: RHB Toby Hopper 0-0: Fly out, F7 (Flyball, 7S)
Top of the 4th over - 0 run(s), 1 hit(s), 0 error(s), 1 left on base; Atlantic City 3 - Chesapeake 3
BOTTOM OF THE 4TH
Chesapeake Continentals batting - Pitching for Atlantic City Sonics : RHP Ramón Leyva
Batting: RHB Roger Lakes 0-0: Called Strike
0-1: Ball
1-1: Foul Ball, location: 2F
1-2: Ball
2-2: Ball
3-2: Strikes out swinging
Batting: RHB Mike Peterson 0-0: Ball
1-0: Ball
2-0: Called Strike
2-1: Foul Ball, location: 2F
2-2: Fly out, F2 (Popup, 2RF)
Batting: SHB Tim Roberts 0-0: Ball
1-0: Called Strike
1-1: Ball
2-1: SOLO HOME RUN (Flyball, 89XD), Distance : 399 ft
Batting: RHB Gustavo Varela 0-0: Foul Ball, location: 2F
0-1: Ground out 6-3 (Groundball, 6)
Bottom of the 4th over - 1 run(s), 1 hit(s), 0 error(s), 0 left on base; Atlantic City 3 - Chesapeake 4
TOP OF THE 5TH
Atlantic City Sonics batting - Pitching for Chesapeake Continentals : RHP Jim Unknown
Batting: RHB Luis Garza 0-0: Ball
1-0: Fly out, F9 (Flyball, 9LM)
Batting: RHB Jason Duncan 0-0: Ball
1-0: Called Strike
1-1: Swinging Strike
1-2: Ball
2-2: Foul Ball, location: 2F
2-2: Foul Ball, location: 2F
2-2: Strikes out swinging
Batting: LHB Francisco Ortega 0-0: Foul Ball, location: 2F
0-1: Ball
1-1: Ball
2-1: Foul Ball, location: 2F
2-2: Foul Ball, location: 2F
2-2: Fly out, F9 (Flyball, 89M)
Top of the 5th over - 0 run(s), 0 hit(s), 0 error(s), 0 left on base; Atlantic City 3 - Chesapeake 4
BOTTOM OF THE 5TH
Chesapeake Continentals batting - Pitching for Atlantic City Sonics : RHP Ramón Leyva
Batting: LHB Thomas Campbell 0-0: Ball
1-0: Ball
2-0: Ball
3-0: Base on Balls
Batting: RHB Jim Unknown 0-0: Called Strike
0-1: Called Strike
0-2: Ball
1-2: Ball
2-2: Foul Ball, location: 2F
2-2: Strikes out swinging
Batting: LHB John Robertson 0-0: Swinging Strike
0-1: Called Strike
0-2: Fly out, F5 (Popup, 5F)
Batting: RHB Roy Williams 0-0: Ball
1-0: Foul Ball, location: 2F
1-1: Ball
2-1: 2-RUN HOME RUN (Flyball, 7LD), Distance : 382 ft
Batting: LHB Munemori Ohara 0-0: Called Strike
0-1: Ball
1-1: Foul Ball, location: 2F
1-2: Strikes out looking
Bottom of the 5th over - 2 run(s), 1 hit(s), 0 error(s), 0 left on base; Atlantic City 3 - Chesapeake 6
TOP OF THE 6TH
Atlantic City Sonics batting - Pitching for Chesapeake Continentals : RHP Jim Unknown
Batting: RHB Russell Jackson 0-0: Ball
1-0: Called Strike
1-1: DOUBLE (Flyball, 8LXD)
Batting: LHB Dale Parkinson 0-0: Ground out 4-3 (Groundball, 4)
Russell Jackson to third
Batting: RHB Jesús Rodríguez 0-0: Foul Ball, location: 2F
0-1: Ball
1-1: Ball
2-1: Ball
3-1: Called Strike
3-2: Ground out 4-3 (Groundball, 4S)
Russell Jackson scores
Batting: SHB David Snyder 0-0: Called Strike
0-1: Ball
1-1: Ball
2-1: Fly out, F4 (Popup, 34)
Top of the 6th over - 1 run(s), 1 hit(s), 0 error(s), 0 left on base; Atlantic City 4 - Chesapeake 6
BOTTOM OF THE 6TH
Chesapeake Continentals batting - Pitching for Atlantic City Sonics : RHP Ramón Leyva
Batting: RHB Roger Lakes 0-0: Called Strike
0-1: Ball
1-1: Foul Ball, location: 2F
1-2: Foul Ball, location: 2F
1-2: Ball
2-2: Foul Ball, location: 2F
2-2: Foul Ball, location: 2F
2-2: Ball
3-2: SINGLE (Groundball, 15S) (infield hit)
Pitching: RHP José Carlos Hernández
Batting: RHB Mike Peterson 0-0: Ball
1-0: Foul Ball, location: 2F
1-1: Sac Bunt - play at first, batter OUT! 1-3
Roger Lakes to second
Batting: SHB Tim Roberts 0-0: Ball
1-0: Called Strike
1-1: Called Strike
1-2: SINGLE (Line Drive, 8RS)
Roger Lakes to third
Batting: RHB Gustavo Varela 0-0: Swinging Strike
0-1: Ball
1-1: Foul Ball, location: 2F
1-2: Ball
2-2: Strikes out swinging
Batting: LHB Thomas Campbell 0-0: Ball
1-0: Called Strike
1-1: SINGLE (Groundball, 4MD)
Roger Lakes scores
Tim Roberts to second
Runner from 2nd tries for 3rd, SAFE, throw made to third
Batting: RHB Jim Unknown 0-0: Called Strike
0-1: Ball
1-1: Ball
2-1: Ball
3-1: Fly out, F9 (Flyball, 9M)
Bottom of the 6th over - 1 run(s), 3 hit(s), 0 error(s), 2 left on base; Atlantic City 4 - Chesapeake 7
TOP OF THE 7TH
Atlantic City Sonics batting - Pitching for Chesapeake Continentals : RHP Jim Unknown
Batting: RHB Michael Bucknell 0-0: Ball
1-0: Fly out, F7 (Flyball, 7LD)
Batting: RHB Toby Hopper 0-0: Ball
1-0: Called Strike
1-1: Foul Ball, location: 2F
1-2: Strikes out swinging
Batting: RHB Luis Garza 0-0: Called Strike
0-1: Swinging Strike
0-2: Strikes out swinging
Top of the 7th over - 0 run(s), 0 hit(s), 0 error(s), 0 left on base; Atlantic City 4 - Chesapeake 7
BOTTOM OF THE 7TH
Chesapeake Continentals batting - Pitching for Atlantic City Sonics : RHP José Carlos Hernández
Batting: LHB John Robertson 0-0: SINGLE (Line Drive, 56D)
Batting: RHB Roy Williams 0-0: Ball
1-0: Ball
2-0: Ball
3-0: Called Strike
3-1: Foul Ball, location: 2F
3-2: Fly out, F8 (Flyball, 8RM)
3-2: Fly out, F8 (Flyball, 8RM)
Batting: LHB Munemori Ohara 0-0: Ball
1-0: Foul Ball, location: 2F
1-1: Foul Ball, location: 2F
1-2: Foul Ball, location: 2F
1-2: Strikes out swinging
Batting: RHB Roger Lakes 0-0: Ball
1-0: Foul Ball, location: 2F
1-1: Ground out 1-3 (Groundball, 13)
Bottom of the 7th over - 0 run(s), 1 hit(s), 0 error(s), 1 left on base; Atlantic City 4 - Chesapeake 7
TOP OF THE 8TH
Atlantic City Sonics batting - Pitching for Chesapeake Continentals : RHP Jim Unknown
Pitching: LHP Jim Unknown
Batting: RHB Jason Duncan 0-0: Ball
1-0: Ball
2-0: Called Strike
2-1: Fly out, F9 (Flyball, 9M)
Batting: LHB Francisco Ortega 0-0: Foul Ball, location: 2F
0-1: Ball
1-1: Foul Ball, location: 2F
1-2: Ball
2-2: Ball
3-2: Ground out 4-3 (Groundball, 34)
Batting: RHB Russell Jackson 0-0: DOUBLE (Line Drive, 78XD)
Batting: LHB Dale Parkinson 0-0: SINGLE (Flyball, 8LM)
Russell Jackson to third
Runner from 3rd tries for Home, SAFE, no throw or cutoff
Batting: RHB Jesús Rodríguez 0-0: Called Strike
0-1: Ball
1-1: Foul Ball, location: 2F
1-2: Ball
2-2: Strikes out swinging
Top of the 8th over - 1 run(s), 2 hit(s), 0 error(s), 1 left on base; Atlantic City 5 - Chesapeake 7
BOTTOM OF THE 8TH
Chesapeake Continentals batting - Pitching for Atlantic City Sonics : RHP José Carlos Hernández
Pitching: LHP Miguel Canó
Batting: RHB Mike Peterson 0-0: Called Strike
0-1: Foul Ball, location: 2F
0-2: Foul Ball, location: 2F
0-2: Ball
1-2: SINGLE (Line Drive, 4D)
Batting: SHB Tim Roberts 0-0: Ball
Pickoff Throw to First - Out!
1-0: Foul Ball, location: 2F
1-1: Swinging Strike
1-2: Ball
2-2: Ball
3-2: Fly out, F8 (Flyball, 89S)
Batting: RHB Gustavo Varela 0-0: Ball
1-0: Ball
2-0: Fly out, F7 (Flyball, 78D)
Bottom of the 8th over - 0 run(s), 1 hit(s), 0 error(s), 0 left on base; Atlantic City 5 - Chesapeake 7
TOP OF THE 9TH
Atlantic City Sonics batting - Pitching for Chesapeake Continentals : LHP Jim Unknown
Batting: SHB David Snyder 0-0: Called Strike
0-1: Ball
1-1: Swinging Strike
1-2: Strikes out looking
Batting: RHB Michael Bucknell 0-0: Ball
1-0: Foul Ball, location: 2F
1-1: Ball
2-1: Ball
3-1: Foul Ball, location: 2F
3-2: Strikes out swinging
Batting: RHB Toby Hopper 0-0: Ball
1-0: Swinging Strike
1-1: Swinging Strike
1-2: Strikes out swinging
Top of the 9th over - 0 run(s), 0 hit(s), 0 error(s), 0 left on base; Atlantic City 5 - Chesapeake 7
This league is powered by Out of the Park Baseball, the baseball management simulation game for PC, Mac and Linux
Saturday, February 27th, 2021 - OOTP Baseball 15.6 Build 34